 Dungeon Crawl Stone Soup version 0.29-a0-330-g52719c12eb (webtiles) character file.

Game seed: 17678217713132161088

134 dolemite99 the Twirler (level 4, 0/33 HPs)
             Began as a Demonspawn Gladiator on Apr 12, 2022.
             Was an Initiate of Gozag.
             Killed by divine providence
             ... invoked by an orc priest
              (11 damage)
             ... on level 3 of the Dungeon.
             The game lasted 00:02:31 (2891 turns).

dolemite99 the Twirler (Demonspawn Gladiator)       Turns: 2891, Time: 00:02:32

Health: 0/33       AC:  9    Str: 17    XL:     4   Next: 95%
Magic:  4/4        EV:  7    Int:  9    God:    Gozag
Gold:   146        SH:  0    Dex: 14    Spells: 3/3 levels left

rFire   . . .      SeeInvis .   a - +0 quarterstaff
rCold   . . .      Faith    .   (shield currently unavailable)
rNeg    . . .      Spirit   .   i - +0 chain mail
rPois   .          Reflect  .   c - +0 helmet
rElec   .          Harm     .   (no cloak)
rCorr   .          Rampage  .   (no gloves)
Will    .....                   (no boots)
Stlth   ..........              (no amulet)
HPRegen 0.11/turn               (no ring)
MPRegen 0.09/turn               (no ring)

@: gold aura, attractive
A: hooves 1, spiny 1
a: Renounce Religion, Potion Petition, Call Merchant, Bribe Branch


You were on level 3 of the Dungeon.
You worshipped Gozag.
Gozag was aware of your devotion.
You visited 1 branch of the dungeon, and saw 4 of its levels.

You collected 187 gold pieces.
You paid 41 gold pieces to Gozag.

Inventory:

Hand Weapons
 a - a +0 quarterstaff (weapon)
Missiles
 d - 3 throwing nets (quivered)
 e - a javelin
 f - 158 stones
Armour
 b - a +0 leather armour
 c - a +0 helmet (worn)
 i - a +0 chain mail (worn)
Jewellery
 s - a ring of protection from fire
Wands
 m - a wand of iceblast (7)
Scrolls
 h - a scroll of vulnerability {unknown}
 j - 4 scrolls of identify {unknown}
 k - a scroll of silence {unknown}
 l - a scroll of fear {unknown}
 n - a scroll of noise {unknown}
 p - 2 scrolls of magic mapping {unknown}
 q - a scroll of torment {unknown}
 r - a scroll of fog {unknown}
 t - a scroll of holy word {unknown}
Potions
 g - a potion of attraction


   Skills:
 - Level 2.0 Fighting
 + Level 5.2 Staves
 - Level 1.7 Throwing
 - Level 2.6 Dodging


You had 3 spell levels left.
You didn't know any spells.
Your spell library was empty.

Dungeon Overview and Level Annotations

Branches:
Dungeon (4/15)
 Temple: D:4-7

Altars:
Fedhas
Gozag
Makhleb
Okawaru
Zin

Shops:
D:2 =


Innate Abilities, Weirdness & Mutations

You have large cloven feet.
You are partially covered in sharp spines.


Message History

You hit the orc but do no damage. Your kick misses the orc.
The orc completely misses you.
You barely miss the orc. The orc hits you with a +0 flail.
You hit the orc but do no damage. You kick the orc.
The orc is heavily wounded.
The orc is struck by your spines. The orc hits you but does no damage.
The orc is struck by your spines.
You kill the orc!
An orc priest comes into view. It is wielding a +0 morningstar.
The orc priest shouts!
The orc is struck by your spines. The orc hits you but does no damage.
The orc priest calls upon Beogh to heal the orc.
The orc's wounds heal themselves!
You completely miss the orc. You kick the orc, but do no damage.
The orc is struck by your spines. The orc hits you but does no damage.
The orc priest mumbles some strange prayers to Beogh against you.
Beogh smites you!
You hit the orc. You kick the orc.
You kill the orc!
The orc priest looks braver for a moment.
Okay, then.
Things that are here:
9 gold pieces; a +0 flail; a +0 ring mail The orc priest begins to cast a cantrip, but forgets the words!
It was a potion of attraction.
You feel attractive to monsters.
The orc priest mumbles some strange prayers to Beogh against you.
Beogh smites you!
* * * LOW HITPOINT WARNING * * *
The orc priest is attracted toward you.
It was a potion of curing.
You feel better.
The orc priest hits you but does no damage.
You hit the orc priest but do no damage.
The orc priest barely misses you.
You hit the orc priest. Your kick misses the orc priest.
The orc priest is moderately wounded.
The orc priest calls down the wrath of Beogh upon you.
Beogh smites you!
You die...
Your body crumbles into a pile of gold.

#.....[# #_....#†.'
#.######## ##.÷._#.##
#....?..# ##.###.#.
#.......# #####.###.#.
###.......#.[...#..#..#.
..........#.....##...##.
....?....)#....$.##.###.
......##$........ #_# #.
#....o@$...# ######'
#..........# ####......
#$.......### #.........
#........# #.........
#........# #.....###+
..........+ #.....#
..........#+###.....###+
..######......#.........
. #......#.........


You could see an orc priest.

Vanquished Creatures
  A gnoll (D:4)
  3 adders
  An ufetubus (D:3)
  An adder zombie (D:2)
  2 worms
  4 dart slugs
  3 orcs (D:3)
  6 bats
  A bat skeleton (D:2)
  2 bat zombies (D:2)
  6 endoplasms
  A giant cockroach (D:4)
  3 goblins
  2 hobgoblins
  5 jackals
  3 kobolds
  4 quokkas
  8 ball pythons
  A ball python zombie (D:2)
  2 frilled lizards (D:2)
  2 quokka skeletons (D:2)
  8 rats
69 creatures vanquished.

Vanquished Creatures (others)
  2 withered plants (D:2)
2 creatures vanquished.

Grand Total: 71 creatures vanquished

Notes
Turn   | Place    | Note
-------+----------+-------------------------------------------
     0 | D:1      | dolemite99 the Demonspawn Gladiator began the quest for the
                  | Orb.
     0 | D:1      | Reached XP level 1. HP: 16/16 MP: 1/1
     6 | D:1      | Noticed a scorpion
     6 | D:1      | Noticed a hound
     6 | D:1      | Noticed an anaconda
     7 | D:1      | Noticed a rime drake
    41 | D:1      | Reached skill level 3 in Staves
   153 | D:1      | Gained mutation: You are partially covered in sharp spines.
                  | [demonic ancestry]
   153 | D:1      | Reached XP level 2. HP: 18/22 MP: 2/2
   789 | D:2      | Reached XP level 3. HP: 26/27 MP: 3/3
   811 | D:2      | Reached skill level 4 in Staves
  1234 | D:2      | Discovered your monstrous ancestry.
  1234 | D:2      | Gained mutation: You have large cloven feet. [demonic
                  | ancestry]
  1234 | D:2      | Reached XP level 4. HP: 24/33 MP: 4/4
  1521 | D:2      | Found Anik's Jewellery Emporium.
  1552 | D:2      | You fall into a shaft and drop 2 floors!
  2060 | D:3      | Found an iron altar of Okawaru.
  2060 | D:3      | Found a burning altar of Makhleb.
  2066 | D:3      | Found an opulent altar of Gozag.
  2069 | D:3      | Found a blossoming altar of Fedhas.
  2261 | D:3      | Became a worshipper of Gozag Ym Sagoz the Greedy
  2416 | D:2      | Reached skill level 5 in Staves
  2594 | D:2      | Found a faded altar of an unknown god.
  2891 | D:3      | Killed from afar by an orc priest

Illustrated notes

Levels and vault maps discovered:
D:1:      onia_arrival_zoo_common, layout_rooms
D:2:      layout_rooms, nicolae_ecumenical_lake_church, serial_shops, shop,
          serial_undead, serial_undead_c, serial_undead_b, serial_undead_d,
          serial_undead_d, uniq_crazy_yiuf_cottage
D:3:      layout_basic, chequers_temple_overflow_minitemple, serial_bayou,
          serial_bayou_crossing, serial_bayou_shore_b, serial_bayou_pond_c,
          serial_bayou_pond_c
D:4:      layout_loops_ring, mainiacjoe_overflow_alcove_1,
          minmay_temple_entry_steel_oval

Skill      XL: |  1  2  3  4 |
---------------+-------------+-----
Staves         | 3 4 5 |  5.2
Fighting       | |  2.0
Throwing       | |  1.7
Dodging        | |  2.6

Action                   |  1- 3 |  4- 6 || total
-------------------------+-------+-------++-------
Melee: Quarterstaff      |    83 |    49 ||   132
       Kick              |       |    13 ||    13
  Use: Potion            |       |     2 ||     2
Armor: Leather armour    |     5 |       ||     5
       Chain mail        |    41 |    32 ||    73
Dodge: Dodged            |    27 |    18 ||    45

Table legend: (Time is in decaauts)
 A = Elapsed time spent in this place.
 B = Non-inter-level travel time spent in this place.
 C = Inter-level travel time spent in this place.
 D = Time resting spent in this place.
 E = Time spent auto-exploring this place.
 F = Levels seen in this place.
 G = Mean time per level.
                   A        B        C        D        E       F      G
               +--------+--------+--------+--------+--------+-----+--------+
         Total |   2912 |   2830 |     82 |    937 |   1346 |   4 |  728.0 |
       Dungeon |   2912 |   2830 |     82 |    937 |   1346 |   4 |  728.0 |
               +--------+--------+--------+--------+--------+-----+--------+

Top non-repeatable levels by time:
     D:2: 1167 daAuts
     D:3: 888 daAuts
     D:1: 788 daAuts
     D:4: 67 daAuts
